 Dungeon Crawl Stone Soup version 0.18.1-48-g4cf74bf (webtiles) character file.

108 Heedrag the Conjurer (level 4, -3/24 HPs)
             Began as a Deep Elf Conjurer on Sept 2, 2016.
             Killed from afar by Natasha (11 damage)
             ... with a magic dart
             ... on level 2 of the Dungeon.
             The game lasted 00:05:57 (1658 turns).

Heedrag the Conjurer (Deep Elf Conjurer)            Turns: 1658, Time: 00:05:58

Health: -3/24      AC:  3    Str:  6    XL:     4   Next: 58%
Magic:  2/12       EV: 13    Int: 20    God:
Gold:   51         SH:  0    Dex: 15    Spells: 2 memorised, 7 levels left

rFire  . . .     SeeInvis .     e - +2 spear (pierce)
rCold  . . .     Gourm    .     a - +0 robe
rNeg   . . .     Faith    .     (no shield)
rPois  .         Spirit   .     (no helmet)
rElec  .         Dismiss  .     (no cloak)
rCorr  .         Reflect  .     f - +0 pair of gloves
SustAt .         Harm     .     (no boots)
MR     +....                    (no amulet)
Stlth  ++........               (no ring)
                                k - ring of protection from magic

@: somewhat resistant to hostile enchantments, unstealthy
A: no striking features
a: no special abilities


You were on level 2 of the Dungeon.
You were not hungry.

You visited 1 branch of the dungeon, and saw 2 of its levels.

You collected 51 gold pieces.

Inventory:

Hand Weapons
 e - a +2 spear of piercing (weapon)
 i - a +0 short sword of venom
Armour
 a - a +0 robe (worn)
 f - a +0 pair of gloves (worn)
Jewellery
 k - a ring of protection from magic (left hand)
Scrolls
 h - 3 scrolls of identify {unknown}
Potions
 g - a potion of ambrosia {unknown}
 j - a potion of mutation {unknown}
Books
 b - a book of Conjurations

   Spells                             Type                      Level
   a - Magic Dart                     Conjuration                  1
   b - Searing Ray                    Conjuration                  2
   c - Dazzling Spray                 Conjuration/Hexes            3
   d - Fulminant Prism                Conjuration/Hexes            4
   e - Iskenderun's Mystic Blast      Conjuration                  4
   f - Iskenderun's Battlesphere      Conjuration/Charms           5
Comestibles
 c - 2 bread rations
 d - 2 chunks of flesh
 l - a slice of pizza
 m - a beef jerky


   Skills:
 - Level 2.4 Dodging
 - Level 2.4 Stealth
 + Level 4.7 Spellcasting
 * Level 5.8 Conjurations


You had 7 spell levels left.
You knew the following spells:

 Your Spells              Type           Power        Failure   Level  Hunger
a - Magic Dart            Conj           ####         1%          1    None
b - Iskenderun's Mystic   Conj           ####....     12%         4    ####...


Dungeon Overview and Level Annotations

Branches:
Dungeon (2/15)

Altars:

Annotations:
D:2 Natasha


Message History

Tha magic dart hits ye!
Castin': Magic Dart Confirm wit' . or Enter, or press ? or * ta list all spells.
Aimin': Magic Dart
Press: ? - help, Shift-Dir - straight line, f/p - Natasha
Aim: Natasha (almost dead) Tha magic dart hits Natasha.
Natasha be almost dead.
Natasha claws ye!
Castin': Magic Dart Confirm wit' . or Enter, or press ? or * ta list all spells.
Aimin': Magic Dart
Press: ? - help, Shift-Dir - straight line, f/p - Natasha
Aim: Natasha (almost dead) Tha magic dart hits Natasha.
Natasha be almost dead.
Tha shadow imp misses ye.
Natasha casts a spell at ye.
Tha magic dart hits ye!
Ye die...

# ######...# #
#...##...# #
#...##...#
###...##...#
..†........+
.#######...# .#
###....# .#
#♣§..###♣###♣♣#
.###.P...#..#.5h@#
.##P.P♣5...P.P♣5P#
..♣§♣§...♣♣.♣#.P.♣
..[.P.♣.♣♣.♣#'#P♣♣
.#♣♣♣.♣♣..♣##.##♣
'#.......♣.#)[.#
..P..♣♣♣♣P.##.## .#
...♣♣.......#'# ..#
..#...♣♣♣.♣♣.#♣♣♣..#


You could see Natasha and 2 shadow imps.

Vanquished Creatures
  Natasha (D:2)
  2 gnolls (D:2)
  2 adders (D:2)
  2 dart slugs (D:1)
  A giant gecko (D:1)
  3 giant cockroaches (D:1)
  4 goblins
  3 hobgoblins (D:1)
  2 jackals (D:1)
  5 quokkas (D:2)
  A ball python (D:2)
  4 bats
  4 giant newts
  4 kobolds
  5 rats (D:1)
43 creatures vanquished.

Vanquished Creatures (others)
  A plant (D:2)
1 creature vanquished.

Grand Total: 44 creatures vanquished

Notes
Turn   | Place    | Note
--------------------------------------------------------------
     0 | D:1      | Heedrag the Deep Elf Conjurer began the quest for the Orb.
     0 | D:1      | Reached XP level 1. HP: 10/10 MP: 6/6
   326 | D:1      | Reached XP level 2. HP: 15/15 MP: 5/8
   691 | D:1      | Reached skill level 5 in Conjurations
   768 | D:1      | Reached XP level 3. HP: 19/19 MP: 7/10
  1076 | D:2      | Noticed Natasha
  1083 | D:2      | Killed Natasha
  1083 | D:2      | Reached XP level 4. HP: 22/24 MP: 3/12
  1419 | D:2      | Noticed Natasha
  1642 | D:2      | Learned a level 4 spell: Iskenderun's Mystic Blast
  1658 | D:2      | Killed from afar by Natasha

Skill      XL: |  1  2 |
---------------+-------+-----
Conjurations   | 5 |  5.8
Spellcasting   | 4 |  4.7
Dodging        | |  2.4
Stealth        | |  2.4

Action                   |  1- 3 |  4- 6 || total
-------------------------+-------+-------++-------
Melee: Spear             |    10 |     3 ||    13
 Cast: Magic Dart        |    59 |    40 ||    99
  Eat: Chunk             |       |     2 ||     2
Armor: Robe              |     1 |     2 ||     3
Dodge: Dodged            |     9 |    12 ||    21
